 Dungeon Crawl Stone Soup version 0.26-a0-863-g3bff4b215c (webtiles) character file.

Game seed: 2040062794170110905

35 karrick the Chopper (level 3, 27/27 HPs)
             Began as a Demonspawn Gladiator on Nov 26, 2020.
             Quit the game on level 2 of the Dungeon.
             The game lasted 00:00:58 (941 turns).

karrick the Chopper (Demonspawn Gladiator)           Turns: 941, Time: 00:00:58

Health: 27/27      AC:  4    Str: 14    XL:     3   Next: 16%
Magic:  3/3        EV: 13    Int: 10    God:
Gold:   66         SH:  0    Dex: 14    Spells: 2/2 levels left

rFire    . . .     SeeInvis .   a - +0 war axe
rCold    . . .     Faith    .   (no shield)
rNeg     . . .     Spirit   .   b - +0 leather armour
rPois    .         Reflect  .   c - +0 helmet
rElec    .         Harm     .   (no cloak)
rCorr    .         Rampage  .   (no gloves)
MR       .....                  (no boots)
Stlth    +.........             (no amulet)
HPRegen  0.09/turn              (no ring)
MPRegen  0.08/turn              (no ring)

@: no status effects
A: hooves 1, demonic guardian 1
a: no special abilities


You were on level 2 of the Dungeon.
You visited 1 branch of the dungeon, and saw 2 of its levels.

You collected 66 gold pieces.

Inventory:

Hand Weapons
 a - a +0 war axe (weapon)
Missiles
 d - 3 throwing nets (quivered)
Armour
 b - a +0 leather armour (worn)
 c - a +0 helmet (worn)
Scrolls
 g - 3 scrolls of blinking {unknown}
 h - a scroll of identify {unknown}
 k - a scroll of remove curse {unknown}
Potions
 e - a potion of berserk rage {unknown}
 f - a potion of degeneration {unknown}
 i - a potion of flight {unknown}
 j - a potion of resistance {unknown}


   Skills:
 + Level 2.2 Fighting
 + Level 3.3 Axes
 - Level 1.7 Throwing
 + Level 3.2 Dodging


You had 2 spell levels left.
You didn't know any spells.
Your spell library was empty.

Dungeon Overview and Level Annotations

Branches:
Dungeon (2/15)

Altars:


Innate Abilities, Weirdness & Mutations

You have large cloven feet.
A weak demonic guardian rushes to your aid.


Message History

A frilled lizard is nearby!
The frilled lizard barely misses you.
You hit the frilled lizard.
You kill the frilled lizard!
No target in view!
No target in view!
No target in view!
No target in view!
No target in view!
No target in view!
No target in view!
No target in view!
No target in view!
No target in view!
No target in view!
No target in view!
No target in view!
No target in view!
No target in view!
Are you sure you want to abandon this character and quit the game? (Confirm with "yes".)

#.#........## #.####.#
#.#.##......###.# #.#
#...............####.##
###)........####......#
####.#...## #.###..#
#.##.######.#.....
#.#.......#.#.....
#.#.......#.......
#@#......>#.......
#†#...........#.#.
#.#......(##..#.#.
#.#.......##......
#.#.......## ##.#.
..######### ..... ##.
##.## . #.


There were no monsters in sight!

Vanquished Creatures
  A dart slug (D:1)
  7 bats
  3 giant cockroaches
  2 goblins (D:1)
  3 hobgoblins
  4 jackals (D:1)
  A quokka (D:2)
  5 frilled lizards
  A kobold (D:1)
  4 rats
31 creatures vanquished.

Notes
Turn   | Place    | Note
-------+----------+-------------------------------------------
     0 | D:1      | karrick the Demonspawn Gladiator began the quest for the
                  | Orb.
     0 | D:1      | Reached XP level 1. HP: 16/16 MP: 1/1
   231 | D:1      | Gained mutation: A weak demonic guardian rushes to your
                  | aid. [demonic ancestry]
   231 | D:1      | Reached XP level 2. HP: 22/22 MP: 2/2
   760 | D:2      | Gained mutation: You have large cloven feet. [demonic
                  | ancestry]
   760 | D:2      | Reached XP level 3. HP: 27/27 MP: 3/3
   941 | D:2      | Quit the game

Illustrated notes

Levels and vault maps discovered:
D:1:      dpeg_cavernosity, layout_rooms, minmay_misc_feat_secret_circle
D:2:      layout_loops_cross, grunt_ministairs_3, kennysheep_generic_room_14

Skill      XL: |  1  2 |
---------------+-------+-----
Dodging        | 3 |  3.2
Axes           | 3 |  3.3
Fighting       | |  2.2
Throwing       | |  1.7

Action                   || total
-------------------------++-------
Melee: War axe           ||    70
       Kick              ||     4
Armor: Leather armour    ||    27
Dodge: Dodged            ||    62

Table legend: (Time is in decaauts)
 A = Elapsed time spent in this place.
 B = Non-inter-level travel time spent in this place.
 C = Inter-level travel time spent in this place.
 D = Time resting spent in this place.
 E = Time spent auto-exploring this place.
 F = Levels seen in this place.
 G = Mean time per level.
                   A        B        C        D        E       F      G
               +--------+--------+--------+--------+--------+-----+--------+
         Total |    965 |    907 |     58 |      0 |    739 |   2 |  482.5 |
       Dungeon |    965 |    907 |     58 |      0 |    739 |   2 |  482.5 |
               +--------+--------+--------+--------+--------+-----+--------+

Top non-repeatable levels by time:
     D:1: 777 daAuts
     D:2: 188 daAuts
